Barons vs Heat

Created - Thursday, February 19, 2015 at 00:42

Goals
1 2 3 T
Barons 0 0 1 1
Heat 1 0 1 2
Shots
1 2 3 T
Barons 6 2 13 21
Heat 12 6 18 36

1st period

1. Heat , Tomas Fleischmann 25 (Johan Larsson) at 17:54

Penalties :
Adam Clendening (ABB) for Tripping (Minor) at 11:39

2nd period

No Goal

Penalties :
Brad Winchester (OKC) for Holding (Minor) at 10:37

3rd period

2. Heat , Ryan Murphy 26 (Tomas Fleischmann) at 8:48 (PP)
3. Barons , Brad Winchester 6 (Torrey Mitchell) at 15:19 (PP)

Penalties :
Shawn Thornton (OKC) for Tripping (Minor) at 7:47, Saku Koivu (OKC) for Hooking (Minor) at 10:25, Sami Vatanen (ABB) for Hooking (Minor) at 14:43

Goalie Stats

Ray Emery (OKC), 34 saves from 36 shots - (0.944), L, 49-5-8, 59:10 minutes
Tomas Vokoun (ABB), 20 saves from 21 shots - (0.952), W, 30-11-8, 60:00 minutes

Players Stats for Barons

Player Name              G  A  P  +/- PIM S  H  SB GA TA FO     MP     PP MP  PK MP  
------------------------------------------------------------------------------------
Andy Miele               0  0  0   0  0   1  5  0  1  0  2/5    17:05   0:28   0:00 
Brad Hunt                0  0  0  -1  0   0  1  2  0  0  0/0    27:48   1:12   1:25 
Brad Winchester          1  0  1   0  2   4  1  0  1  0  2/2    20:14   0:54   0:06 
Chris Porter             0  0  0   0  0   0  1  0  0  1  2/3     7:13   0:00   1:43 
Chuck Kobasew            0  0  0   0  0   0  0  0  0  0  0/0     1:33   0:00   0:00 
David Kolomatis          0  0  0   0  0   0  0  0  0  0  0/0    25:35   1:18   3:34 
Devin Setoguchi          0  0  0  -1  0   1  3  3  2  1  0/0    21:07   1:13   3:50 
Mike Rupp                0  0  0   0  0   0  0  0  0  0  0/0     1:10   0:00   1:03 
Ryan Parent              0  0  0   0  0   0  0  1  0  0  0/0    10:27   0:28   0:00 
Ryan Spooner             0  0  0   0  0   5  0  1  2  1  2/3    17:31   0:00   1:19 
Ryan Stanton             0  0  0   0  0   1  0  1  2  4  0/0    26:56   1:09   1:25 
Ryan Wilson              0  0  0  -1  0   1  4  0  2  4  0/0    25:22   1:03   3:34 
Saku Koivu               0  0  0  -1  2   1  1  0  2  2  11/17  21:04   1:13   1:57 
Shawn Thornton           0  0  0   0  2   0  1  0  1  1  0/0    15:56   0:28   0:00 
Steve Bernier            0  0  0  -1  0   2  0  0  3  0  0/2    15:32   1:41   0:00 
Teemu Pulkkinen          0  0  0   0  0   3  2  0  3  1  0/0    18:15   0:54   0:00 
Tommy Cross              0  0  0   0  0   0  0  0  0  1  0/0     3:50   0:00   0:00 
Torrey Mitchell          0  1  1   0  0   2  2  0  3  1  1/7    18:15   0:54   0:00 

Players Stats for Heat

Player Name              G  A  P  +/- PIM S  H  SB GA TA FO     MP     PP MP  PK MP  
------------------------------------------------------------------------------------
Adam Clendening          0  0  0   0  2   1  1  0  0  1  0/0    14:06   0:00   0:00 
Johan Larsson            0  1  1   1  0   1  2  0  0  0  8/13   12:22   1:05   0:00 
Jon Merrill              0  0  0   0  0   2  1  0  0  1  0/0    17:18   0:00   2:35 
Jordan Caron             0  0  0   0  0   1  1  0  4  2  0/0    15:43   0:32   1:18 
Lucas Lessio             0  0  0   0  0   1  0  0  0  0  0/1    11:02   0:00   0:00 
Max Reinhart             0  0  0   0  0   0  4  0  1  0  2/6    15:14   2:39   0:00 
Nikita Kucherov          0  0  0   0  0   1  0  0  5  0  0/0    15:13   2:39   0:00 
Patrick Holland          0  0  0   0  0   2  1  0  0  0  0/0    11:02   0:00   0:00 
Ryan Murphy              1  0  1   0  0   3  0  1  1  0  0/0    22:04   3:28   2:35 
Sami Vatanen             0  0  0   1  2   3  1  0  2  1  0/0    19:59   1:31   0:00 
Sergei Gonchar           0  0  0   1  0   2  1  2  1  1  0/0    23:56   1:31   0:00 
Stephane Veilleux        0  0  0   0  0   1  3  0  0  1  2/5    17:38   0:43   1:17 
Sven Baertschi           0  0  0   1  0   3  0  1  6  0  0/0    18:06   2:20   0:00 
Tim Jackman              0  0  0   0  0   3  1  1  1  2  0/0    15:40   2:39   0:00 
Tomas Fleischmann        1  1  2   1  0   7  0  0  5  0  0/0    18:06   2:20   0:00 
Tyler Pitlick            0  0  0   0  0   0  1  0  0  0  2/8    14:49   0:00   1:18 
Tyson Strachan           0  0  0   0  0   5  4  0  0  3  0/0    22:41   3:28   0:00 
Victor Rask              0  0  0   0  0   0  3  0  1  1  5/6    12:19   0:00   1:17 

3 Stars

1 - Tomas Fleischmann (ABB)
2 - Tomas Vokoun (ABB)
3 - Ray Emery (OKC)

Power Play

Barons - 1 on 2 Attempt(s) - 50.00%
Heat - 1 on 3 Attempt(s) - 33.33%

Penalty Kill

Barons - 2 on 3 Attempt(s) - 66.67% - Score 0 goal in Penalty Kill
Heat - 1 on 2 Attempt(s) - 50.00% - Score 0 goal in Penalty Kill

Team Stat

Barons - Hits : 21 - Faceoff Wins : 20 - Blocked Shots : 8 - Penalty Minutes : 6
Heat - Hits : 24 - Faceoff Wins : 19 - Blocked Shots : 5 - Penalty Minutes : 4

Official

Referees : Unknown
Linesman : Unknown

Game Notes

Johan Larsson is injured at 4:58 of 3rd period (Sore Left Knee)

Finance

Level 1 -- Attendance: 1373 (68.65%) -- Ticket Income $48,055
Level 2 -- Attendance: 768 (76.80%) -- Ticket Income $11,520
Total Attendance: 2141 (71.37%)
Total Ticket Income: $59,575
Other Income: $29,192
Total Income: $88,767

Barons

5 vs 5 Forward 
   Center                   Left Wing                Right Wing               Time % Phy DF OF 
 1 Saku Koivu               Steve Bernier            Devin Setoguchi          35     1   2  2  
 2 Torrey Mitchell          Brad Winchester          Teemu Pulkkinen          30     1   2  2  
 3 Andy Miele               Ryan Spooner             Shawn Thornton           22     1   2  2  
 4 Chris Porter             Saku Koivu               Devin Setoguchi          13     1   2  2  

5 vs 5 Defense 
   Defense                  Defense                                           Time % Phy DF OF 
 1 Ryan Stanton             Brad Hunt                                         35     1   2  2  
 2 David Kolomatis          Ryan Wilson                                       30     1   2  2  
 3 Ryan Stanton             Brad Hunt                                         22     1   2  2  
 4 Ryan Stanton             Brad Hunt                                         13     1   2  2  

PowerPlay Forward 
   Center                   Left Wing                Right Wing               Time % Phy DF OF 
 1 Saku Koivu               Steve Bernier            Devin Setoguchi          60     1   2  2  
 2 Torrey Mitchell          Brad Winchester          Teemu Pulkkinen          40     1   2  2  

PowerPlay Defense
   Defense                  Defense                                           Time % Phy DF OF 
 1 Ryan Stanton             Brad Hunt                                         60     1   2  2  
 2 David Kolomatis          Ryan Wilson                                       40     1   2  2  

Penalty Kill 4 Players Forward 
   Center                   Wing                     Time % Phy DF OF 
 1 Saku Koivu               Devin Setoguchi          60     1   2  2  
 2 Steve Bernier            Torrey Mitchell          40     1   2  2  

Penalty Kill 4 Players Defense
   Defense                  Defense                  Time % Phy DF OF 
 1 Ryan Stanton             Brad Hunt                60     1   2  2  
 2 David Kolomatis          Ryan Wilson              40     1   2  2  

Penalty Kill - 3 Players Forward 
   Forward                                           Time % Phy DF OF 
 1 Saku Koivu                                        60     1   2  2  
 2 Devin Setoguchi                                   40     1   2  2  

Penalty Kill - 3 Players Defense
   Defense                  Defense                  Time % Phy DF OF 
 1 Ryan Stanton             Brad Hunt                60     1   2  2  
 2 David Kolomatis          Tommy Cross              40     1   2  2  

4 vs 4 Forward 
   Center                   Wing                     Time % Phy DF OF 
 1 Saku Koivu               Devin Setoguchi          60     1   2  2  
 2 Steve Bernier            Torrey Mitchell          40     1   2  2  

4 vs 4 Defense
   Defense                  Defense                  Time % Phy DF OF 
 1 Ryan Stanton             Brad Hunt                60     1   2  2  
 2 David Kolomatis          Ryan Parent              40     1   2  2  

Last Minutes Offensive
   Center                   Left Wing                Right Wing               Defense                  Defense                  
   Saku Koivu               Steve Bernier            Devin Setoguchi          Ryan Stanton             Brad Hunt                

Last Minutes Defensive
   Center                   Left Wing                Right Wing               Defense                  Defense                  
   Saku Koivu               Steve Bernier            Devin Setoguchi          Ryan Stanton             Brad Hunt                

Goaltenders
Starting : Ray Emery                
Backup : Mike Lee                 

Extra Forwards
Normal : Andy Miele, Shawn Thornton, Ryan Spooner - PP : Andy Miele, Shawn Thornton - PK : Ryan Spooner
Extra Defensemen
Normal : Ryan Stanton, Brad Hunt, David Kolomatis - PP : Ryan Stanton - PK : Brad Hunt, David Kolomatis
Penalty Shots
Saku Koivu, Devin Setoguchi, Steve Bernier, Torrey Mitchell, Brad Winchester

Heat

5 vs 5 Forward 
   Center                   Left Wing                Right Wing               Time % Phy DF OF 
 1 Johan Larsson            Sven Baertschi           Tomas Fleischmann        34     1   2  2  
 2 Max Reinhart             Stephane Veilleux        Nikita Kucherov          30     1   2  2  
 3 Tyler Pitlick            Tim Jackman              Jordan Caron             24     1   2  2  
 4 Victor Rask              Lucas Lessio             Patrick Holland          12     1   2  2  

5 vs 5 Defense 
   Defense                  Defense                                           Time % Phy DF OF 
 1 Sergei Gonchar           Sami Vatanen                                      35     1   2  2  
 2 Tyson Strachan           Ryan Murphy                                       30     1   2  2  
 3 Jon Merrill              Adam Clendening                                   25     1   2  2  
 4 Sergei Gonchar           Tyson Strachan                                    10     1   2  2  

PowerPlay Forward 
   Center                   Left Wing                Right Wing               Time % Phy DF OF 
 1 Johan Larsson            Sven Baertschi           Tomas Fleischmann        50     0   0  5  
 2 Max Reinhart             Tim Jackman              Nikita Kucherov          50     0   0  5  

PowerPlay Defense
   Defense                  Defense                                           Time % Phy DF OF 
 1 Sergei Gonchar           Sami Vatanen                                      50     0   1  4  
 2 Tyson Strachan           Ryan Murphy                                       50     0   1  4  

Penalty Kill 4 Players Forward 
   Center                   Wing                     Time % Phy DF OF 
 1 Tyler Pitlick            Jordan Caron             50     0   5  0  
 2 Victor Rask              Stephane Veilleux        50     0   5  0  

Penalty Kill 4 Players Defense
   Defense                  Defense                  Time % Phy DF OF 
 1 Jon Merrill              Ryan Murphy              50     0   5  0  
 2 Tyson Strachan           Sami Vatanen             50     0   5  0  

Penalty Kill - 3 Players Forward 
   Forward                                           Time % Phy DF OF 
 1 Victor Rask                                       50     0   5  0  
 2 Tyler Pitlick                                     50     0   5  0  

Penalty Kill - 3 Players Defense
   Defense                  Defense                  Time % Phy DF OF 
 1 Sergei Gonchar           Jon Merrill              50     0   5  0  
 2 Tyson Strachan           Ryan Murphy              50     0   5  0  

4 vs 4 Forward 
   Center                   Wing                     Time % Phy DF OF 
 1 Johan Larsson            Tomas Fleischmann        50     1   2  2  
 2 Max Reinhart             Sven Baertschi           50     1   2  2  

4 vs 4 Defense
   Defense                  Defense                  Time % Phy DF OF 
 1 Sergei Gonchar           Sami Vatanen             50     1   2  2  
 2 Jon Merrill              Ryan Murphy              50     1   2  2  

Last Minutes Offensive
   Center                   Left Wing                Right Wing               Defense                  Defense                  
   Johan Larsson            Tomas Fleischmann        Sven Baertschi           Ryan Murphy              Sami Vatanen             

Last Minutes Defensive
   Center                   Left Wing                Right Wing               Defense                  Defense                  
   Max Reinhart             Stephane Veilleux        Jordan Caron             Sergei Gonchar           Jon Merrill              

Goaltenders
Starting : Tomas Vokoun             
Backup : Eddie Pasquale           

Extra Forwards
Normal : Stephane Veilleux, Jordan Caron, Nikita Kucherov - PP : Stephane Veilleux, Jordan Caron - PK : Nikita Kucherov
Extra Defensemen
Normal : Sergei Gonchar, Ryan Murphy, Jon Merrill - PP : Sergei Gonchar - PK : Sami Vatanen, Jon Merrill
Penalty Shots
Nikita Kucherov, Lucas Lessio, Max Reinhart, Sven Baertschi, Tim Jackman

% Time on Ice - Barons

Lines # - Real PCT - Wanted PCT - Time Play
Normal Forward
1 - 27% - 35% - 13:59
2 - 34% - 30% - 17:21
3 - 30% - 22% - 15:30
4 - 9% - 13% - 4:54
Normal Defense
1 - 34% - 35% - 17:46
2 - 42% - 30% - 21:57
3 - 16% - 22% - 8:27
4 - 7% - 13% - 3:34
PP Forward
1 - 65% - 60% - 1:41
2 - 35% - 40% - 0:54
PP Defense
1 - 59% - 60% - 1:32
2 - 41% - 40% - 1:03
PK Forward
1 - 100% - 60% - 4:59
2 - 0% - 40% - 0:00
PK Defense
1 - 28% - 60% - 1:25
2 - 72% - 40% - 3:34
PK3 Forward
1 - 0% - 60%
2 - 0% - 40%
PK3 Defense
1 - 0% - 60%
2 - 0% - 40%
44 Forward
1 - 0% - 60%
2 - 0% - 40%
44 Defense
1 - 0% - 60%
2 - 0% - 40%
Last Minute Offensive  - 0:42
Last Minute Defensive  - 0:00
Total
Forward - 60:00
Defense - 60:00

% Time on Ice - Heat

Lines # - Real PCT - Wanted PCT - Time Play
Normal Forward
1 - 31% - 34% - 15:55
2 - 23% - 30% - 11:59
3 - 25% - 24% - 12:54
4 - 21% - 12% - 11:02
Normal Defense
1 - 36% - 35% - 18:38
2 - 31% - 30% - 15:53
3 - 27% - 25% - 13:59
4 - 6% - 10% - 3:20
PP Forward
1 - 47% - 50% - 2:20
2 - 53% - 50% - 2:39
PP Defense
1 - 30% - 50% - 1:31
2 - 70% - 50% - 3:28
PK Forward
1 - 50% - 50% - 1:18
2 - 50% - 50% - 1:17
PK Defense
1 - 100% - 50% - 2:35
2 - 0% - 50% - 0:00
PK3 Forward
1 - 0% - 50%
2 - 0% - 50%
PK3 Defense
1 - 0% - 50%
2 - 0% - 50%
44 Forward
1 - 0% - 50%
2 - 0% - 50%
44 Defense
1 - 0% - 50%
2 - 0% - 50%
Last Minute Offensive  - 0:00
Last Minute Defensive  - 0:36
Total
Forward - 60:00
Defense - 60:00

Play by Play

1st period


0:01 of 1st period - Saku Koivu wins face-off versus Johan Larsson in neutral zone.
0:52 of 1st period - Sergei Gonchar is hit by Teemu Pulkkinen and loses puck.
1:09 of 1st period - Teemu Pulkkinen is hit by Stephane Veilleux and loses puck.
2:21 of 1st period - Ryan Stanton is hit by Victor Rask and loses puck.
2:26 of 1st period - Slapshot by Jon Merrill.
2:26 of 1st period - Deflect By Brad Hunt.
2:26 of 1st period - Stopped by Ray Emery with a rebound.
2:28 of 1st period - Wrist shot by Adam Clendening.
2:28 of 1st period - Stopped by Ray Emery with a rebound.
2:30 of 1st period - Wrist shot by Victor Rask.
2:30 of 1st period - Shot Misses the Net.
4:24 of 1st period - Icing by Tyler Pitlick.
4:25 of 1st period - Andy Miele wins face-off versus Tyler Pitlick in Heat zone.
4:32 of 1st period - Wrist shot by Ryan Spooner.
4:32 of 1st period - Stopped by Tomas Vokoun with a rebound.
4:34 of 1st period - Slapshot by Ryan Stanton.
4:34 of 1st period - Shot Blocked by Tim Jackman.
4:58 of 1st period - Lucas Lessio is hit by Devin Setoguchi and loses puck.
7:18 of 1st period - Devin Setoguchi is hit by Victor Rask.
7:40 of 1st period - Snap shot by Sergei Gonchar.
7:40 of 1st period - Deflect By Jordan Caron.
7:40 of 1st period - Shot Blocked by Devin Setoguchi.
7:40 of 1st period - Puck is out of play.
7:41 of 1st period - Chris Porter wins face-off versus Tyler Pitlick in Barons zone.
8:02 of 1st period - Saku Koivu is hit by Tim Jackman and loses puck.
8:19 of 1st period - Wrist shot by Ryan Spooner.
8:19 of 1st period - Stopped by Tomas Vokoun without a rebound.
8:20 of 1st period - Johan Larsson wins face-off versus Ryan Spooner in Heat zone.
9:15 of 1st period - Saku Koivu is hit by Stephane Veilleux and loses puck.
9:26 of 1st period - Snap shot by Stephane Veilleux.
9:26 of 1st period - Stopped by Ray Emery with a rebound.
9:50 of 1st period - Wrist shot by Lucas Lessio.
9:50 of 1st period - Shot Misses the Net.
9:52 of 1st period - Slapshot by Sami Vatanen.
9:52 of 1st period - Shot Misses the Net.
9:56 of 1st period - Slapshot by Sami Vatanen.
9:56 of 1st period - Stopped by Ray Emery with a rebound.
9:58 of 1st period - Wrist shot by Patrick Holland.
9:58 of 1st period - Stopped by Ray Emery without a rebound.
9:59 of 1st period - Saku Koivu wins face-off versus Lucas Lessio in Barons zone.
10:47 of 1st period - Slapshot by Tyson Strachan.
10:47 of 1st period - Stopped by Ray Emery with a rebound.
10:49 of 1st period - Wrist shot by Tyler Pitlick.
10:49 of 1st period - Shot Misses the Net.
11:13 of 1st period - Tim Jackman is hit by Torrey Mitchell and loses puck.
11:18 of 1st period - Snap shot by Teemu Pulkkinen.
11:18 of 1st period - Stopped by Tomas Vokoun with a rebound.
11:39 of 1st period - Minor Penalty to Adam Clendening for Tripping.
11:40 of 1st period - Saku Koivu wins face-off versus Victor Rask in Heat zone.
11:52 of 1st period - Wrist shot by Devin Setoguchi.
11:52 of 1st period - Shot Misses the Net.
11:54 of 1st period - Wrist shot by Steve Bernier.
11:54 of 1st period - Shot Blocked by Ryan Murphy.
11:56 of 1st period - Slapshot by Ryan Wilson.
11:56 of 1st period - Deflect By Devin Setoguchi.
11:56 of 1st period - Shot Misses the Net.
11:56 of 1st period - Puck is out of play.
11:57 of 1st period - Victor Rask wins face-off versus Saku Koivu in Heat zone.
12:20 of 1st period - Slapshot by Ryan Murphy.
12:20 of 1st period - Shot Misses the Net.
13:39 of 1st period - Penalty to Adam Clendening is over, Adam Clendening is back on ice.
14:06 of 1st period - Slapshot by Sven Baertschi.
14:06 of 1st period - Shot Blocked by Ryan Parent.
14:08 of 1st period - Wrist shot by Johan Larsson.
14:08 of 1st period - Stopped by Ray Emery with a rebound.
14:41 of 1st period - Ryan Parent is hit by Max Reinhart.
15:25 of 1st period - Ryan Stanton is hit by Victor Rask.
15:31 of 1st period - Wrist shot by Devin Setoguchi.
15:31 of 1st period - Stopped by Tomas Vokoun with a rebound.
15:50 of 1st period - Icing by Saku Koivu.
15:51 of 1st period - Johan Larsson wins face-off versus Steve Bernier in Barons zone.
16:34 of 1st period - Teemu Pulkkinen is hit by Jon Merrill and loses puck.
16:47 of 1st period - Brad Hunt is hit by Max Reinhart and loses puck.
17:19 of 1st period - Snap shot by Jordan Caron.
17:19 of 1st period - Shot Misses the Net.
17:35 of 1st period - Lucas Lessio is hit by Chris Porter and loses puck.
17:48 of 1st period - Slapshot by Tyson Strachan.
17:48 of 1st period - Stopped by Ray Emery with a rebound.
17:50 of 1st period - Backhand shot by Patrick Holland.
17:50 of 1st period - Stopped by Ray Emery with a rebound.
17:52 of 1st period - Slapshot by Sami Vatanen.
17:52 of 1st period - Deflect By Lucas Lessio.
17:52 of 1st period - Stopped by Ray Emery without a rebound.
17:53 of 1st period - Johan Larsson wins face-off versus Saku Koivu in Barons zone.
17:54 of 1st period - Snap shot by Tomas Fleischmann.
17:54 of 1st period - Goal by Tomas Fleischmann - Barons : 0 - Heat : 1.
17:55 of 1st period - Johan Larsson wins face-off versus Saku Koivu in neutral zone.
18:30 of 1st period - Snap shot by Tomas Fleischmann.
18:30 of 1st period - Stopped by Ray Emery without a rebound.
18:31 of 1st period - Max Reinhart wins face-off versus Torrey Mitchell in Barons zone.
18:44 of 1st period - Wrist shot by Teemu Pulkkinen.
18:44 of 1st period - Stopped by Tomas Vokoun with a rebound.
18:46 of 1st period - Slapshot by Ryan Wilson.
18:46 of 1st period - Stopped by Tomas Vokoun with a rebound.
18:48 of 1st period - Slapshot by Brad Winchester.
18:48 of 1st period - Shot Misses the Net.
18:50 of 1st period - Slapshot by Ryan Wilson.
18:50 of 1st period - Shot Misses the Net.
18:58 of 1st period - Ryan Wilson is hit by Max Reinhart and loses puck.
19:49 of 1st period - Ryan Stanton is hit by Tyler Pitlick and loses puck.
Goals for this period are 0 for Barons vs 1 for Heat.
Shots for this period are 6 for Barons vs 12 for Heat.

2nd period


0:01 of 2nd period - Johan Larsson wins face-off versus Saku Koivu in neutral zone.
0:25 of 2nd period - Johan Larsson is hit by Brad Hunt and loses puck.
1:42 of 2nd period - Sergei Gonchar is hit by Shawn Thornton and loses puck.
1:59 of 2nd period - Tim Jackman is hit by Ryan Wilson and loses puck.
2:06 of 2nd period - Snap shot by Andy Miele.
2:06 of 2nd period - Stopped by Tomas Vokoun with a rebound.
2:54 of 2nd period - Wrist shot by Sami Vatanen.
2:54 of 2nd period - Shot Misses the Net.
2:56 of 2nd period - Backhand shot by Sami Vatanen.
2:56 of 2nd period - Shot Misses the Net.
3:25 of 2nd period - Andy Miele is hit by Johan Larsson and loses puck.
3:46 of 2nd period - Icing by Tyson Strachan.
3:47 of 2nd period - Saku Koivu wins face-off versus Max Reinhart in Heat zone.
4:16 of 2nd period - Ryan Wilson is hit by Tyson Strachan and loses puck.
5:15 of 2nd period - Sergei Gonchar is hit by Andy Miele and loses puck.
5:20 of 2nd period - Snap shot by Ryan Spooner.
5:20 of 2nd period - Stopped by Tomas Vokoun with a rebound.
5:38 of 2nd period - Snap shot by Ryan Wilson.
5:38 of 2nd period - Shot Blocked by Sergei Gonchar.
6:49 of 2nd period - Ryan Stanton is hit by Stephane Veilleux and loses puck.
7:04 of 2nd period - Andy Miele is hit by Adam Clendening and loses puck.
7:29 of 2nd period - Snap shot by Sami Vatanen.
7:29 of 2nd period - Stopped by Ray Emery without a rebound.
7:30 of 2nd period - Saku Koivu wins face-off versus Tyler Pitlick in Barons zone.
7:35 of 2nd period - Wrist shot by Tim Jackman.
7:35 of 2nd period - Stopped by Ray Emery with a rebound.
7:42 of 2nd period - Wrist shot by Tyson Strachan.
7:42 of 2nd period - Stopped by Ray Emery with a rebound.
7:44 of 2nd period - Slapshot by Tyson Strachan.
7:44 of 2nd period - Deflect By Ryan Wilson.
7:44 of 2nd period - Stopped by Ray Emery with a rebound.
7:46 of 2nd period - Wrist shot by Jordan Caron.
7:46 of 2nd period - Stopped by Ray Emery with a rebound.
7:56 of 2nd period - Wrist shot by Jordan Caron.
7:56 of 2nd period - Shot Misses the Net.
7:58 of 2nd period - Slapshot by Tyson Strachan.
7:58 of 2nd period - Deflect By Jordan Caron.
7:58 of 2nd period - Shot Misses the Net.
7:58 of 2nd period - Puck is out of play.
7:59 of 2nd period - Andy Miele wins face-off versus Johan Larsson in Barons zone.
9:13 of 2nd period - Ryan Stanton is hit by Sergei Gonchar and loses puck.
10:16 of 2nd period - Ryan Murphy is hit by Brad Winchester and loses puck.
10:35 of 2nd period - Wrist shot by Lucas Lessio.
10:35 of 2nd period - Shot Misses the Net.
10:37 of 2nd period - Minor Penalty to Brad Winchester for Holding.
10:38 of 2nd period - Saku Koivu wins face-off versus Johan Larsson in Barons zone.
11:44 of 2nd period - Devin Setoguchi is hit by Tyson Strachan and loses puck.
11:53 of 2nd period - Wrist shot by Sergei Gonchar.
11:53 of 2nd period - Shot Blocked by Devin Setoguchi.
11:55 of 2nd period - Wrist shot by Tim Jackman.
11:55 of 2nd period - Stopped by Ray Emery with a rebound.
12:37 of 2nd period - Penalty to Brad Winchester is over, Brad Winchester is back on ice.
13:03 of 2nd period - Slapshot by Jon Merrill.
13:03 of 2nd period - Shot Misses the Net.
13:21 of 2nd period - Slapshot by Jon Merrill.
13:21 of 2nd period - Shot Blocked by Ryan Spooner.
13:53 of 2nd period - Snap shot by Torrey Mitchell.
13:53 of 2nd period - Shot Misses the Net.
14:17 of 2nd period - Max Reinhart is hit by Teemu Pulkkinen and loses puck.
16:06 of 2nd period - Icing by Torrey Mitchell.
16:07 of 2nd period - Brad Winchester wins face-off versus Johan Larsson in Barons zone.
16:07 of 2nd period - Brad Winchester is hit by Johan Larsson.
16:56 of 2nd period - Tyler Pitlick is hit by Andy Miele and loses puck.
17:22 of 2nd period - Adam Clendening is hit by Andy Miele and loses puck.
18:41 of 2nd period - Teemu Pulkkinen is hit by Tyson Strachan.
18:52 of 2nd period - Icing by Tyson Strachan.
18:53 of 2nd period - Chris Porter wins face-off versus Tyler Pitlick in Heat zone.
19:58 of 2nd period - Icing by Sven Baertschi.
19:59 of 2nd period - Johan Larsson wins face-off versus Saku Koivu in Heat zone.
Goals for this period are 0 for Barons vs 0 for Heat.
Shots for this period are 2 for Barons vs 6 for Heat.

3rd period


0:01 of 3rd period - Saku Koivu wins face-off versus Johan Larsson in neutral zone.
0:06 of 3rd period - Snap shot by Steve Bernier.
0:06 of 3rd period - Shot Blocked by Sergei Gonchar.
0:14 of 3rd period - Snap shot by Sven Baertschi.
0:14 of 3rd period - Stopped by Ray Emery with a rebound.
0:16 of 3rd period - Wrist shot by Sven Baertschi.
0:16 of 3rd period - Shot Blocked by Brad Hunt.
0:18 of 3rd period - Snap shot by Tyson Strachan.
0:18 of 3rd period - Shot Misses the Net.
0:20 of 3rd period - Slapshot by Tomas Fleischmann.
0:20 of 3rd period - Shot Misses the Net.
1:08 of 3rd period - Ryan Wilson is hit by Max Reinhart and loses puck.
1:31 of 3rd period - Jon Merrill is hit by Torrey Mitchell and loses puck.
1:53 of 3rd period - Backhand shot by Ryan Spooner.
1:53 of 3rd period - Stopped by Tomas Vokoun with a rebound.
1:55 of 3rd period - Slapshot by Andy Miele.
1:55 of 3rd period - Shot Misses the Net.
1:57 of 3rd period - Wrist shot by Ryan Spooner.
1:57 of 3rd period - Stopped by Tomas Vokoun without a rebound.
1:58 of 3rd period - Victor Rask wins face-off versus Chris Porter in Heat zone.
1:58 of 3rd period - Victor Rask is hit by Devin Setoguchi.
2:20 of 3rd period - Snap shot by Lucas Lessio.
2:20 of 3rd period - Shot Blocked by Ryan Stanton.
2:22 of 3rd period - Snap shot by Adam Clendening.
2:22 of 3rd period - Shot Misses the Net.
2:24 of 3rd period - Slapshot by Jon Merrill.
2:24 of 3rd period - Stopped by Ray Emery without a rebound.
2:25 of 3rd period - Johan Larsson wins face-off versus Andy Miele in Barons zone.
2:46 of 3rd period - Wrist shot by Tomas Fleischmann.
2:46 of 3rd period - Stopped by Ray Emery with a rebound.
3:00 of 3rd period - Snap shot by Tomas Fleischmann.
3:00 of 3rd period - Shot Hit the Post.
3:20 of 3rd period - Wrist shot by Stephane Veilleux.
3:20 of 3rd period - Shot Blocked by Brad Hunt.
3:22 of 3rd period - Slapshot by Tyson Strachan.
3:22 of 3rd period - Stopped by Ray Emery with a rebound.
4:01 of 3rd period - Icing by Jon Merrill.
4:02 of 3rd period - Tyler Pitlick wins face-off versus Saku Koivu in Heat zone.
4:17 of 3rd period - Snap shot by Devin Setoguchi.
4:17 of 3rd period - Shot Misses the Net.
4:19 of 3rd period - Snap shot by Devin Setoguchi.
4:19 of 3rd period - Deflect By Saku Koivu.
4:19 of 3rd period - Shot Misses the Net.
4:19 of 3rd period - Puck is out of play.
4:20 of 3rd period - Johan Larsson wins face-off versus Andy Miele in Heat zone.
4:27 of 3rd period - Snap shot by Tomas Fleischmann.
4:27 of 3rd period - Stopped by Ray Emery with a rebound.
4:29 of 3rd period - Slapshot by Sergei Gonchar.
4:29 of 3rd period - Deflect By Sven Baertschi.
4:29 of 3rd period - Stopped by Ray Emery with a rebound.
4:35 of 3rd period - Wrist shot by Tomas Fleischmann.
4:35 of 3rd period - Stopped by Ray Emery with a rebound.
4:37 of 3rd period - Slapshot by Sergei Gonchar.
4:37 of 3rd period - Stopped by Ray Emery with a rebound.
4:57 of 3rd period - Johan Larsson is hit by Andy Miele and loses puck.
4:58 of 3rd period - Johan Larsson from Heat is injured at 4:58 of 3rd period (Sore Left Knee).
4:59 of 3rd period - Stephane Veilleux wins face-off versus Steve Bernier in Heat zone.
5:20 of 3rd period - Slapshot by Brad Hunt.
5:20 of 3rd period - Deflect By Devin Setoguchi.
5:20 of 3rd period - Shot Misses the Net.
5:20 of 3rd period - Puck is out of play.
5:21 of 3rd period - Brad Winchester wins face-off versus Tyler Pitlick in Heat zone.
5:22 of 3rd period - Slapshot by Teemu Pulkkinen.
5:22 of 3rd period - Stopped by Tomas Vokoun with a rebound.
5:24 of 3rd period - Snap shot by Brad Winchester.
5:24 of 3rd period - Stopped by Tomas Vokoun without a rebound.
5:25 of 3rd period - Torrey Mitchell wins face-off versus Tyler Pitlick in Heat zone.
5:38 of 3rd period - Snap shot by Teemu Pulkkinen.
5:38 of 3rd period - Deflect By Brad Winchester.
5:38 of 3rd period - Stopped by Tomas Vokoun without a rebound.
5:39 of 3rd period - Tyler Pitlick wins face-off versus Torrey Mitchell in Heat zone.
5:44 of 3rd period - Ryan Stanton is hit by Jordan Caron and loses puck.
6:00 of 3rd period - Off-side.
6:01 of 3rd period - Saku Koivu wins face-off versus Stephane Veilleux in neutral zone.
6:24 of 3rd period - Snap shot by Tomas Fleischmann.
6:24 of 3rd period - Shot Misses the Net.
6:26 of 3rd period - Slapshot by Sami Vatanen.
6:26 of 3rd period - Stopped by Ray Emery with a rebound.
6:28 of 3rd period - Snap shot by Tomas Fleischmann.
6:28 of 3rd period - Stopped by Ray Emery without a rebound.
6:29 of 3rd period - Victor Rask wins face-off versus Torrey Mitchell in Barons zone.
6:52 of 3rd period - Ryan Wilson is hit by Patrick Holland and loses puck.
7:03 of 3rd period - Slapshot by Ryan Murphy.
7:03 of 3rd period - Stopped by Ray Emery without a rebound.
7:04 of 3rd period - Saku Koivu wins face-off versus Stephane Veilleux in Barons zone.
7:47 of 3rd period - Minor Penalty to Shawn Thornton for Tripping.
7:48 of 3rd period - Saku Koivu wins face-off versus Max Reinhart in Barons zone.
8:17 of 3rd period - Wrist shot by Nikita Kucherov.
8:17 of 3rd period - Shot Blocked by Devin Setoguchi.
8:19 of 3rd period - Slapshot by Ryan Murphy.
8:19 of 3rd period - Deflect By Saku Koivu.
8:19 of 3rd period - Stopped by Ray Emery with a rebound.
8:41 of 3rd period - Tomas Fleischmann is hit by Devin Setoguchi and loses puck.
8:48 of 3rd period - Wrist shot by Ryan Murphy.
8:48 of 3rd period - Deflect By Saku Koivu.
8:48 of 3rd period - Goal by Ryan Murphy - Barons : 0 - Heat : 2.
8:49 of 3rd period - Victor Rask wins face-off versus Torrey Mitchell in neutral zone.
8:55 of 3rd period - Snap shot by Brad Winchester.
8:55 of 3rd period - Stopped by Tomas Vokoun with a rebound.
8:57 of 3rd period - Wrist shot by Torrey Mitchell.
8:57 of 3rd period - Stopped by Tomas Vokoun with a rebound.
8:59 of 3rd period - Wrist shot by Torrey Mitchell.
8:59 of 3rd period - Stopped by Tomas Vokoun without a rebound.
9:00 of 3rd period - Victor Rask wins face-off versus Torrey Mitchell in Heat zone.
9:09 of 3rd period - Snap shot by Teemu Pulkkinen.
9:09 of 3rd period - Deflect By Brad Winchester.
9:09 of 3rd period - Shot Misses the Net.
9:09 of 3rd period - Puck is out of play.
9:10 of 3rd period - Max Reinhart wins face-off versus Andy Miele in Heat zone.
9:37 of 3rd period - Slapshot by Ryan Spooner.
9:37 of 3rd period - Shot Misses the Net.
9:39 of 3rd period - Snap shot by Andy Miele.
9:39 of 3rd period - Shot Misses the Net.
9:41 of 3rd period - Wrist shot by Andy Miele.
9:41 of 3rd period - Shot Misses the Net.
9:43 of 3rd period - Slapshot by Ryan Stanton.
9:43 of 3rd period - Stopped by Tomas Vokoun without a rebound.
9:44 of 3rd period - Stephane Veilleux wins face-off versus Torrey Mitchell in Heat zone.
9:53 of 3rd period - Snap shot by Sven Baertschi.
9:53 of 3rd period - Deflect By Tomas Fleischmann.
9:53 of 3rd period - Stopped by Ray Emery with a rebound.
10:05 of 3rd period - Wrist shot by Sven Baertschi.
10:05 of 3rd period - Stopped by Ray Emery with a rebound.
10:25 of 3rd period - Minor Penalty to Saku Koivu for Hooking.
10:26 of 3rd period - Ryan Spooner wins face-off versus Max Reinhart in Barons zone.
10:57 of 3rd period - Snap shot by Nikita Kucherov.
10:57 of 3rd period - Stopped by Ray Emery with a rebound.
10:59 of 3rd period - Slapshot by Nikita Kucherov.
10:59 of 3rd period - Shot Misses the Net.
12:03 of 3rd period - Slapshot by Tim Jackman.
12:03 of 3rd period - Stopped by Ray Emery with a rebound.
12:05 of 3rd period - Slapshot by Sergei Gonchar.
12:05 of 3rd period - Stopped by Ray Emery with a rebound.
12:25 of 3rd period - Penalty to Saku Koivu is over, Saku Koivu is back on ice.
13:57 of 3rd period - Sergei Gonchar is hit by Andy Miele and loses puck.
14:29 of 3rd period - Wrist shot by Steve Bernier.
14:29 of 3rd period - Stopped by Tomas Vokoun with a rebound.
14:31 of 3rd period - Snap shot by Saku Koivu.
14:31 of 3rd period - Stopped by Tomas Vokoun with a rebound.
14:33 of 3rd period - Snap shot by Steve Bernier.
14:33 of 3rd period - Stopped by Tomas Vokoun with a rebound.
14:35 of 3rd period - Slapshot by Ryan Stanton.
14:35 of 3rd period - Shot Misses the Net.
14:37 of 3rd period - Slapshot by Brad Hunt.
14:37 of 3rd period - Shot Blocked by Sven Baertschi.
14:43 of 3rd period - Minor Penalty to Sami Vatanen for Hooking.
14:44 of 3rd period - Saku Koivu wins face-off versus Stephane Veilleux in Heat zone.
15:19 of 3rd period - Snap shot by Brad Winchester.
15:19 of 3rd period - Goal by Brad Winchester - Barons : 1 - Heat : 2.
15:20 of 3rd period - Ryan Spooner wins face-off versus Max Reinhart in neutral zone.
15:23 of 3rd period - Tyson Strachan is hit by Ryan Wilson.
15:43 of 3rd period - Slapshot by Ryan Murphy.
15:43 of 3rd period - Shot Misses the Net.
16:07 of 3rd period - Ryan Murphy is hit by Ryan Wilson and loses puck.
16:45 of 3rd period - Ryan Wilson is hit by Sami Vatanen.
17:05 of 3rd period - Sergei Gonchar is hit by Saku Koivu and loses puck.
19:01 of 3rd period - Saku Koivu is hit by Tyson Strachan and loses puck.
19:10 of 3rd period - Barons, Ray Emery is pulled from the net.
19:30 of 3rd period - Jordan Caron is hit by Ryan Wilson and loses puck.
19:50 of 3rd period - Snap shot by Saku Koivu.
19:50 of 3rd period - Shot Misses the Net.
19:52 of 3rd period - Snap shot by Brad Hunt.
19:52 of 3rd period - Shot Misses the Net.
19:54 of 3rd period - Snap shot by Andy Miele.
19:54 of 3rd period - Shot Misses the Net.
Goals for this period are 1 for Barons vs 1 for Heat.
Shots for this period are 13 for Barons vs 18 for Heat.


Output by the SimonT Hockey Simulator (STHS) for Eric Dolegowski -- Original Page W3C XHTML 1.0 Valid
Hockey Simulator - Hockey Simulation - Hockey Manager